 Dungeon Crawl Stone Soup version 0.25-a0-265-g7af84ae0ac (webtiles) character file.

Game seed: 4588312068657167411, levelgen mode: deterministic

92 Redear the Slasher (level 4, -3/32 HPs)
             Began as an Octopode Chaos Knight on Dec 8, 2019.
             Was a Plaything of Xom.
             Killed from afar by an orc wizard (4 damage)
             ... with a puff of flame
             ... on level 3 of the Dungeon.
             The game lasted 00:03:24 (1868 turns).

Redear the Slasher (Octopode Chaos Knight)          Turns: 1868, Time: 00:03:24

Health: -3/32      AC:  1    Str: 11    XL:     4   Next: 60%
Magic:  4/4        EV: 14    Int: 14    God:    Xom [..*...]
Gold:   189        SH:  0    Dex: 12    Spells: 3/3 levels left

rFire    + . .     SeeInvis .   a - +0 falchion (chaos)
rCold    + . .     Gourm    .   (no shield)
rNeg     . . .     Faith    .   (helmet restricted)
rPois    +         Spirit   .   (no amulet)
rElec    +         Reflect  .   x - ring of stealth {Stlth+}
rCorr    +         Harm     .   o - ring of poison resistance {rPois}
MR       .....                  (no ring)
Stlth    +++.......             (no ring)
HPRegen  0.10/turn              (no ring)
MPRegen  0.09/turn              (no ring)
                                (no ring)
                                (no ring)

@: confused, resistant
A: almost no armour, stealthy swim, amphibious, 8 rings, constrict 8, camouflage
1, gelatinous body 1
a: Renounce Religion


You were on level 3 of the Dungeon.
You worshipped Xom.
You were a toy of Xom.
You were very hungry.

You visited 1 branch of the dungeon, and saw 3 of its levels.

You collected 189 gold pieces.

Inventory:

Hand Weapons
 a - a +0 falchion of chaos (weapon)
Missiles
 j - 60 stones (quivered)
Jewellery
 o - a ring of poison resistance (right tentacle) {rPois}
 x - a ring of stealth (left tentacle) {Stlth+}
Scrolls
 b - a scroll of enchant armour {unknown}
 c - 2 scrolls of noise {unknown}
 d - 4 scrolls of remove curse {unknown}
 f - 4 scrolls of teleportation {unknown}
 g - a scroll of enchant weapon {unknown}
 l - a scroll of fog {unknown}
 m - a scroll of random uselessness {unknown}
Potions
 k - a potion of agility {Stlth+ Dex+5 EV+5 | @q4}
 n - a potion of heal wounds {unknown}
Comestibles
 z - 8 rations


   Skills:
 + Level 3.6 Fighting
 + Level 3.6 Long Blades
 + Level 3.1 Dodging
 + Level 2.8 Stealth


You had 3 spell levels left.
You didn't know any spells.
Your spell library was empty.

Dungeon Overview and Level Annotations

Branches:
Dungeon (3/15)

Altars:
Dithmenos
Nemelex Xobeh


Innate Abilities, Weirdness & Mutations

You cannot wear most types of armour.
You are very stealthy in the water. (Stealth+)
You are amphibious.
You can wear up to eight rings at the same time.
You can use your tentacles to constrict eight enemies at once.
Your skin changes colour to match your surroundings (Stealth+).
Your rubbery body absorbs attacks. (AC +1, EV +1)


Message History

Are you sure you want to stumble around while confused and next to your worm zombie? [Y]es or [N]o only, please.
Are you sure you want to stumble around while confused and next to your worm zombie? [Y]es or [N]o only, please.
Are you sure you want to stumble around while confused and next to your worm zombie? [Y]es or [N]o only, please.
Are you sure you want to stumble around while confused and next to your worm zombie? [Y]es or [N]o only, please.
Are you sure you want to stumble around while confused and next to your worm zombie?
Okay, then.
Unknown command.
Unknown command.
Are you sure you want to stumble around while confused and next to your worm zombie?
Okay, then.
Are you sure you want to stumble around while confused and next to your worm zombie?
You bump into the rock wall.
You hear some strange, mumbled words.
A puff of flame appears from out of thin air!
The puff of flame hits you. You resist.
You die...

..............#
.......r...........#
....................
...................#
...................#
...................#
.......[..........#
#.##.†.####....##.#
#......?Z@{o......#
######.####...##..# ## #.#
##.###..#######.
##########†#####..........<...
..........#.......##.###......
#...#####.###....##.###..##..
#.#...................##...###.
#.#.........................##.
.........##.####.#.##.##.......


You could see an orc and a friendly worm zombie.

Vanquished Creatures
  3 adders
  An ooze (D:3)
  2 worms
  3 leopard geckos
  An orc (D:3)
  2 giant cockroaches
  5 goblins
  7 hobgoblins
  4 jackals (D:2)
  8 kobolds
  A ball python (D:2)
  5 bats
  3 rats
45 creatures vanquished.

Notes
Turn   | Place    | Note
-------+----------+-------------------------------------------
     0 | D:1      | Redear the Octopode Chaos Knight began the quest for the
                  | Orb.
     0 | D:1      | Reached XP level 1. HP: 16/16 MP: 1/1
   133 | D:1      | XOM: silly message
   136 | D:1      | Reached skill level 1 in Stealth
   136 | D:1      | Reached XP level 2. HP: 15/21 MP: 2/2
   372 | D:1      | Found a sparkling altar of Nemelex Xobeh.
   560 | D:2      | Reached XP level 3. HP: 22/26 MP: 3/3
  1106 | D:2      | Reached skill level 2 in Stealth
  1172 | D:2      | XOM: medium Hex miscast
  1282 | D:2      | XOM: divination: detect creatures
  1557 | D:2      | Reached XP level 4. HP: 28/31 MP: 4/4
  1619 | D:3      | Found a shadowy altar of Dithmenos.
  1634 | D:3      | Reached skill level 3 in Dodging
  1853 | D:3      | HP: 3/32 [something/puff of flame (5)]
  1859 | D:3      | HP: 2/32 [something (2)]
  1861 | D:3      | Xom revived you
  1866 | D:3      | HP: 3/32 [something (1)]
  1867 | D:3      | HP: 1/32 [something (3)]
  1868 | D:3      | Killed from afar by an orc wizard

Levels and vault maps discovered:
D:1:      wander_arrival_lonely_grave, layout_basic,
          nemelex_diamond_rough_becter
D:2:      layout_basic, serial_co_window_serial, co_window_corner_a,
          co_window_paths_b, co_window_corner_a, co_window_paths_a,
          co_window_paths_a, co_window_broadway_c, co_window_broadway_c,
          co_window_broadway_a, co_window_2corner, co_window_paths_c,
          co_window_paths_d, glass_columns_c, glass_columns_a
D:3:      layout_loops_ring, first_ration, wad_floor_pattern_2,
          nicolae_dithmenos_shadow_blocks, uniq_natasha

Skill      XL: |  1  2  3  4 |
---------------+-------------+-----
Stealth        | 1 2 |  2.8
Dodging        | 3 |  3.1
Fighting       | |  3.6
Long Blades    | |  3.6

Action                   |  1- 3 |  4- 6 || total
-------------------------+-------+-------++-------
Melee: Falchion          |    53 |    46 ||    99
       Constrict         |    18 |     7 ||    25
       Tentacles         |     9 |     3 ||    12
  Use: Potion            |       |     4 ||     4
 Stab: Sleeping          |     9 |     8 ||    17
  Eat: Chunk             |     1 |     1 ||     2
Armor: Skin              |     4 |     5 ||     9
Dodge: Dodged            |    49 |    29 ||    78
       Rpst.: Falchion   |    15 |     6 ||    21

Table legend:
 A = Non-vault XP
 B = Vault XP
 C = Vault XP percentage of total XP
 D = Non-vault monster count
 E = Vault monster count
 F = Vault count percentage of total count
                 A         B        C        D         E       F
            +---------+---------+-------+---------+---------+-------
      Total |     132 |       0 |   0.0 |      45 |       0 |   0.0
            +---------+---------+-------+---------+---------+-------
        D:1 |      18 |       0 |   0.0 |       9 |       0 |   0.0
        D:2 |      64 |       0 |   0.0 |      21 |       0 |   0.0
        D:3 |      50 |       0 |   0.0 |      15 |       0 |   0.0
            +---------+---------+-------+---------+---------+-------
